[Event "The Kvibergspelen 2023"]
[Site "Kviberg Park Hotel & Conference, Krutvagen 2, Gothenburg, Sweden"]
[Date "2023.09.16"]
[Round "5.7"]
[White "Olsson, William"]
[Black "Anderzen, Robert"]
[Result "1-0"]
[TimeControl "15 minutes + 5 seconds per move from move one (Round 1 - 4) / 90 minutes + 30 seconds per move from move one (Round 5 - 8)"]
[WhiteTitle "FM"]
[WhiteFideId "1741721"]
[BlackFideId "1716239"]
[WhiteElo "2376"]
[BlackElo "2112"]

1. c4 c6 2. Nf3 d5 3. d4 Nf6 4. Nc3 e6 5. Bg5 Be7 6. e3 Nbd7 7. Bd3 O-O 8. O-O b6 9. cxd5 exd5 10.
Qc2 Bb7 11. Rac1 c5 12. Bf4 a6 13. dxc5 bxc5 14. Rfd1 d4 15. Ne4 Nd5 16. Nd6 Bxd6 17. Bxd6 Re8 18. exd4 Nb4 19. Bxh7+ Kh8 20.
Qb3 Bd5 21. Qa3 Kxh7 22. dxc5 a5 23. Rxd5 Nxd5 24. Qd3+ Kg8 25. Qxd5 Nf6 26. Qc4 Rc8 27. Be5 Nd7 28. Bd4 Rc6 29.
a3 Nb6 30. Qb5 Qd5 31. Be3 Nd7 32. b4 axb4 33. axb4 Rg6 34. Kf1 Ree6 35. Qc4 Qh5 36. h3 Ne5 37. Nxe5 Qxe5 38. Rd1 Re8 39.
Kg1 Qf5 40. Kh1 Re4 41. Qd3 Qe6 42. b5 Kh7 43. Qd5 1-0

[Event "The Kvibergspelen 2023"]
[Site "Kviberg Park Hotel & Conference, Krutvagen 2, Gothenburg, Sweden"]
[Date "2023.09.16"]
[Round "5.8"]
[White "Joensson, Oscar"]
[Black "Hamark, Jesper"]
[Result "1-0"]
[TimeControl "15 minutes + 5 seconds per move from move one (Round 1 - 4) / 90 minutes + 30 seconds per move from move one (Round 5 - 8)"]
[WhiteFideId "1729977"]
[BlackFideId "1704338"]
[WhiteElo "2060"]
[BlackElo "2342"]

1. d4 Nf6 2. c4 d6 3. Nf3 g6 4. g3 Bg7 5. Bg2 O-O 6. Nc3 c5 7. O-O Nc6 8. d5 Na5 9. Nd2 a6 10. Qc2 Rb8 11. b3 b5 12. Rb1 e5 13. e4 Bd7 14. Nd1 Bh6 15.
Nb2 Nh5 16. Nd3 f5 17. b4 cxb4 18. c5 dxc5 19. Qxc5 Re8 20. Nxb4 Rc8 21. Qa7 Ra8 22. Qc5 Rc8 23. Qa7 Bf8 24.
Qe3 Bc5 25. Qe2 Qb6 26. Nd3 Bd4 27. Bb2 Bxb2 28. Rxb2 Rc3 29. Rc1 Rxc1+ 30. Nxc1 f4 31. Qd3 Rc8 32. Ne2 Qd6 33. Rc2 Rxc2 34.
Qxc2 Kf7 35. Bf3 fxg3 36. hxg3 Nf6 37. Nc1 b4 38. Ndb3 Nxb3 39. Nxb3 Bb5 40. Qc8 Nd7 41. Bg4 Nf6 42.
Be6+ Kg7 43. Nc5 Kh6 44. Qh8 Qe7 45. Qc8 Bc4 46. Nxa6 Bxa2 47. Qc1+ Kg7 48. Qb2 b3 49. Qxe5 Kh6 50.
d6 b2 51. dxe7 b1=Q+ 52. Kg2 Bxe6 53.
Qxe6 Qd3 54. Qxf6 Qxe4+ 55. Kh2 1-0

[Event "The Kvibergspelen 2023"]
[Site "Kviberg Park Hotel & Conference, Krutvagen 2, Gothenburg, Sweden"]
[Date "2023.09.16"]
[Round "5.9"]
[White "Jacobsen, Mikkel Manosri"]
[Black "Wahlund, Max"]
[Result "1-0"]
[TimeControl "15 minutes + 5 seconds per move from move one (Round 1 - 4) / 90 minutes + 30 seconds per move from move one (Round 5 - 8)"]
[WhiteTitle "FM"]
[BlackTitle "CM"]
[WhiteFideId "1444514"]
[BlackFideId "1741861"]
[WhiteElo "2313"]
[BlackElo "2065"]

1. c4 Nf6 2. g3 g6 3. Bg2 Bg7 4. Nc3 O-O 5. d4 d6 6. h3 c5 7. e3 Nc6 8. Nge2 a6 9. O-O Qc7 10.
b3 Rb8 11. Bb2 b6 12. Rc1 Bb7 13. Qd2 e5 14. dxe5 dxe5 15. Nd5 Nxd5 16. cxd5 Qd7 17. Rfd1 Ne7 18. b4 Rfc8 19. bxc5 Rxc5 20.
Rxc5 bxc5 21. Ba3 Rc8 22. d6 Nf5 23. Bxb7 Qxb7 24. d7 Rd8 25. Bxc5 Bf8 26. Bxf8 Kxf8 27. Qd5 Qxd5 28. Rxd5 Ke7 29.
Rxe5+ Kxd7 30. Ra5 Ra8 31. g4 Ne7 32. Nd4 Nc6 33. Rd5+ Kc7 34. Rc5 1-0

[Event "The Kvibergspelen 2023"]
[Site "Kviberg Park Hotel & Conference, Krutvagen 2, Gothenburg, Sweden"]
[Date "2023.09.16"]
[Round "5.10"]
[White "Mashhadi, Peyman"]
[Black "Poley, Vladimir"]
[Result "0-1"]
[TimeControl "15 minutes + 5 seconds per move from move one (Round 1 - 4) / 90 minutes + 30 seconds per move from move one (Round 5 - 8)"]
[BlackTitle "IM"]
[WhiteFideId "1768581"]
[BlackFideId "13500090"]
[WhiteElo "2112"]
[BlackElo "2284"]

1. e4 g6 2. d4 Bg7 3. Nc3 c6 4. Be3 d5 5. e5 Nh6 6. Qd2 Nf5 7. Bf4 h5 8. Nf3 a5 9. h3 Na6 10.
Be2 Nc7 11. Ng5 f6 12. Nf3 Ne6 13. g3 Qb6 14. O-O-O Nfxd4 15. Nxd4 Qxd4 16. Qe1 Qb6 17. exf6 Bxf6 18. Bd3 Nxf4 19.
gxf4 Bf5 20. Bxf5 gxf5 21. Qe6 Qxf2 22. Rhf1 Qc5 23. Rde1 Rf8 24. Rf3 a4 25. Rd3 a3 26. b3 Rd8 27.
Qe2 Kd7 28. Na4 Qd6 29. Qe6+ Kc7 30. Qe3 d4 31. Qf2 Qb4 32. Re6 Rd6 33. Qe2 Rxe6 34. Qxe6 b5 35. Nc3 dxc3 36. Qe3 Qa5 37.
Qc5 Rd8 38. b4 Qa8 39. Rg3 Rd5 40. Qe3 Kb7 41. Qg1 Qb8 42. Qe3 Qd6 0-1

[Event "The Kvibergspelen 2023"]
[Site "Kviberg Park Hotel & Conference, Krutvagen 2, Gothenburg, Sweden"]
[Date "2023.09.16"]
[Round "5.11"]
[White "Falkevall, Axel"]
[Black "Lindholm, Gustav"]
[Result "1-0"]
[TimeControl "15 minutes + 5 seconds per move from move one (Round 1 - 4) / 90 minutes + 30 seconds per move from move one (Round 5 - 8)"]
[WhiteTitle "FM"]
[WhiteFideId "1735560"]
[BlackFideId "1736515"]
[WhiteElo "2276"]
[BlackElo "2102"]

1. e4 c5 2. Nf3 d6 3. d4 cxd4 4. Nxd4 Nf6 5. Nc3 a6 6. Rg1 e5 7. Nb3 b5 8. a4 b4 9. Nd5 Bb7 10.
g4 Nbd7 11. g5 Nxe4 12. Rg4 Nec5 13. Nxc5 Nxc5 14. Rxb4 Be7 15. Bg2 Rb8 16. Be3 Bxd5 17. Rxb8 Qxb8 18. Qxd5 O-O 19. b3 Ne6 20.
Qd2 Rc8 21. Kf1 Qc7 22. Be4 g6 23. a5 Kh8 24. h4 f5 25. gxf6 Bxf6 26. Kg2 Ng7 27. Rh1 Qd7 28. Kf1 Nh5 29.
c4 Qe7 30. Bf3 Rf8 31. Bxh5 gxh5 32. Qd5 Bxh4 33. Qe4 Bg5 34. Rxh5 Bxe3 35. Qxe3 Qf7 36. Rh6 Qe7 37. Qd2 Rf6 38.
Rxf6 Qxf6 39. Qd5 Qg6 40. Qa8+ Kg7 41. Qg2 Kf6 42. Qxg6+ hxg6 43. b4 Ke6 44. b5 Kd7 45. b6 Kc6 46.
Kg2 Kb7 47. Kf3 Kc6 48. Kg4 Kb7 49. Kg5 1-0

[Event "The Kvibergspelen 2023"]
[Site "Kviberg Park Hotel & Conference, Krutvagen 2, Gothenburg, Sweden"]
[Date "2023.09.16"]
[Round "5.12"]
[White "Hagevi, Vidar"]
[Black "Hansen, Lars"]
[Result "0-1"]
[TimeControl "15 minutes + 5 seconds per move from move one (Round 1 - 4) / 90 minutes + 30 seconds per move from move one (Round 5 - 8)"]
[WhiteFideId "1767526"]
[BlackFideId "1402528"]
[WhiteElo "2037"]
[BlackElo "2188"]

1. e4 e6 2. d4 d5 3. Nc3 Nf6 4. e5 Nfd7 5. Nce2 c5 6. c3 Nc6 7. f4 Qb6 8. Nf3 f6 9. a3 Be7 10.
b4 cxd4 11. cxd4 O-O 12. Qd3 fxe5 13. fxe5 Rf5 14. Be3 Nf8 15. Ng3 Rf7 16. Be2 Ng6 17. O-O Nf4 18. Qd2 Nxe2+ 19. Qxe2 Bd7 20.
Kh1 Raf8 21. Rfd1 h6 22. Qd3 Be8 23. Nd2 Bh4 24. Nb3 Ne7 25. Nc5 Bxg3 26. hxg3 Bb5 27. Qd2 Nf5 28. g4 Ng3+ 29.
Kg1 Qd8 30. g5 Qe8 31. Nd3 Rf5 32. Bf2 Ne4 33. Qe3 Bxd3 34. Rxd3 Nxf2 0-1

[Event "The Kvibergspelen 2023"]
[Site "Kviberg Park Hotel & Conference, Krutvagen 2, Gothenburg, Sweden"]
[Date "2023.09.16"]
[Round "5.13"]
[White "Nygren, Kim"]
[Black "Jarlskov, Daniel Tuk Hartso"]
[Result "1/2-1/2"]
[TimeControl "15 minutes + 5 seconds per move from move one (Round 1 - 4) / 90 minutes + 30 seconds per move from move one (Round 5 - 8)"]
[WhiteTitle "CM"]
[WhiteFideId "1706136"]
[BlackFideId "1463896"]
[WhiteElo "2171"]
[BlackElo "2038"]

1. e4 c6 2. d4 d5 3. exd5 cxd5 4. Bd3 Nc6 5. c3 Nf6 6. h3 e6 7. Nf3 h6 8. O-O Bd6 9. Re1 Qc7 10.
Nbd2 O-O 11. Qe2 Nd7 12. Nf1 e5 13. dxe5 Ndxe5 14. Bc2 Be6 15. Nd4 Nxd4 16. cxd4 Nd7 17.
Qd3 Nf6 18. Bd2 Rac8 19. Rac1 Qd7 20. Qf3 Ne4 21. Bxe4 dxe4 22. Qxe4 Bxa2 23. Ne3 Bb8 24. Bc3 Rfd8 25. Nf5 Be6 26.
Nxg7 Bd5 27. Nh5 Bxe4 28. Nf6+ Kg7 29. Nxd7 Bd5 30. Nxb8 Rxb8 31. Ra1 a6 32. Ra5 Rd6 33. Re5 Rbd8 34.
Bb4 R6d7 35. Be7 Re8 36. Bf6+ Kxf6 37. Rxe8 Bc6 38. g4 Rxd4 39. Rf5+ Kg7 40. Re7 Bd5 41. Kh2 Be6 42. Rf3 b5 43.
Ra7 Rb4 44. Rxa6 Rxb2 45. Kg3 b4 46. Rb6 b3 47. Rf4 Rc2 48. Rfb4 Rc3+ 49. Kg2 Bd5+ 50. Kh2 Rc2 1/2-1/2

[Event "The Kvibergspelen 2023"]
[Site "Kviberg Park Hotel & Conference, Krutvagen 2, Gothenburg, Sweden"]
[Date "2023.09.16"]
[Round "5.14"]
[White "Ljung, Harald"]
[Black "Kallen, Jonas"]
[Result "1/2-1/2"]
[TimeControl "15 minutes + 5 seconds per move from move one (Round 1 - 4) / 90 minutes + 30 seconds per move from move one (Round 5 - 8)"]
[WhiteFideId "1738178"]
[BlackFideId "1712896"]
[WhiteElo "2164"]
[BlackElo "2020"]

1. d4 d5 2. Nf3 Nf6 3. g3 Bf5 4. Bg2 e6 5. O-O Bd6 6. c4 c6 7. Qb3 Qc8 8. Nc3 h6 9. Bd2 O-O 10.
Rac1 dxc4 11. Qxc4 Nbd7 12. Rfe1 Ne4 13. Nxe4 Bxe4 14. Bh3 Bxf3 15. exf3 Nb6 16. Qb3 Nd5 17. f4 Qc7 18. Bc3 g6 19.
Qd1 Rfe8 20. Bg2 Qd7 21. h4 h5 22. Qa4 Bf8 23. Rcd1 Bg7 24. Qc4 Ne7 25. a4 Nf5 26. Rd2 Rab8 27.
a5 a6 28. Red1 Rbd8 29. Qc5 Bf8 30. Qc4 Nd6 31. Qe2 Bg7 32. Bf3 Nb5 33. g4 hxg4 34. Bxg4 Qe7 35. h5 gxh5 36. Bxh5 Qh4 37.
Qg4 Qxg4+ 38. Bxg4 Rd5 39. f5 exf5 40. Bf3 Rd6 41. Rd3 Red8 42. d5 Bxc3 43. bxc3 cxd5 1/2-1/2

[Event "The Kvibergspelen 2023"]
[Site "Kviberg Park Hotel & Conference, Krutvagen 2, Gothenburg, Sweden"]
[Date "2023.09.16"]
[Round "5.15"]
[White "Stenman, Christoffer"]
[Black "Strom-Engdahl, Alexander"]
[Result "1-0"]
[TimeControl "15 minutes + 5 seconds per move from move one (Round 1 - 4) / 90 minutes + 30 seconds per move from move one (Round 5 - 8)"]
[WhiteFideId "1713604"]
[BlackFideId "1741586"]
[WhiteElo "1896"]
[BlackElo "2164"]

1. e4 c6 2. Nf3 d5 3. exd5 cxd5 4. Ne5 Nc6 5. Bb5 Bd7 6. Nxd7 Qxd7 7. d4 Nf6 8. O-O e6 9. Bf4 Bd6 10.
Bxd6 Qxd6 11. c3 O-O 12. f4 Ne7 13. Bd3 Rfc8 14. Nd2 b5 15. a3 Qb6 16. Qe2 Rab8 17. g4 Nd7 18. Rf3 Ng6 19.
Kh1 Re8 20. Qf2 Ngf8 21. Rh3 e5 22. fxe5 Nxe5 23. Rf1 Nxd3 24. Qxf7+ Kh8 25. Rxd3 Qd6 26. Nf3 Nd7 27. Ng5 Rf8 28.
Rdf3 Nf6 29. Rxf6 Qxf6 30. Rxf6 Rxf7 31. Rxf7 a5 32. Ne6 Kg8 33. Rxg7+ Kh8 34. Rd7 1-0

[Event "The Kvibergspelen 2023"]
[Site "Kviberg Park Hotel & Conference, Krutvagen 2, Gothenburg, Sweden"]
[Date "2023.09.16"]
[Round "5.17"]
[White "Jogstad, Daniel"]
[Black "Westlund, Tim"]
[Result "1-0"]
[TimeControl "15 minutes + 5 seconds per move from move one (Round 1 - 4) / 90 minutes + 30 seconds per move from move one (Round 5 - 8)"]
[WhiteTitle "CM"]
[WhiteFideId "1718959"]
[BlackFideId "1754718"]
[WhiteElo "2137"]
[BlackElo "1871"]

1. Nf3 Nf6 2. g3 d5 3. d4 e6 4. c4 Bb4+ 5. Nbd2 dxc4 6. Bg2 O-O 7. Qc2 Bxd2+ 8. Bxd2 b6 9. Ne5 Nd5 10.
O-O Ba6 11. Rfd1 Qe7 12. Nxc4 Nd7 13. e4 N5f6 14. Ne3 Rac8 15. e5 Ne8 16. Qa4 Nb8 17. Bb4 c5 18. dxc5 bxc5 19. Ba3 Nc7 20.
Rac1 Nb5 21. Bf1 Qb7 22. Bxc5 Rfd8 23. Nc4 Rxd1 24. Rxd1 Qc6 25. Nd6 Nd7 26. Bxb5 Bxb5 27. Qxb5 Qxb5 28.
Nxb5 Nxc5 29. Rc1 a5 30. a3 a4 31. Nd6 Rc7 32. Ne4 Na6 33. Rxc7 Nxc7 34. Nc3 Kf8 35. Nxa4 Ke7 36. Nc5 f6 37.
f4 Nb5 38. Kf2 Nd4 39. Ke3 Nc6 40. Ke4 f5+ 41. Kd3 h6 42. b4 g5 43. b5 Nb8 44. a4 g4 45. a5 Nd7 46. Nxd7 Kxd7 47.
Kc4 Kc7 48. Kc5 h5 49. a6 h4 50. b6+ Kb8 51. Kc6 h3 52. a7+ Ka8 53. b7+ 1-0

[Event "The Kvibergspelen 2023"]
[Site "Kviberg Park Hotel & Conference, Krutvagen 2, Gothenburg, Sweden"]
[Date "2023.09.16"]
[Round "5.18"]
[White "Bohman Karlholm, Adrian"]
[Black "Tripathi, Pratyush"]
[Result "0-1"]
[TimeControl "15 minutes + 5 seconds per move from move one (Round 1 - 4) / 90 minutes + 30 seconds per move from move one (Round 5 - 8)"]
[WhiteFideId "1720643"]
[BlackFideId "1763121"]
[WhiteElo "2134"]
[BlackElo "1735"]

1. d4 d5 2. c4 c6 3. Nf3 Nf6 4.
Nc3 e6 5. e3 Nbd7 6. Bd3 dxc4 7. Bxc4 b5 8. Bd3 Bd6 9. O-O O-O 10. a4 b4 11. Ne4 Nxe4 12. Bxe4 Bb7 13. Bd2 Nf6 14.
Bd3 c5 15. Qe2 Ne4 16. Be1 Qf6 17. Nd2 Nxd2 18. Qxd2 cxd4 19. exd4 Rfd8 20. Rd1 Bf4 21. Qe2 Rxd4 22. f3 a5 23.
Bf2 Rdd8 24. Bb5 Be5 25. b3 Bd4 26. Kh1 Bxf2 27. Qxf2 Bd5 28. Rd3 Rdc8 29. Qe3 Rc3 30. Bc4 Bxc4 31.
bxc4 Rxc4 32. Rfd1 Rc3 33. Qa7 Rac8 34. h3 Rxd3 35. Rxd3 Rc1+ 36. Kh2 Qf4+ 37. g3 Rc2+ 38. Kh1 Qc1+ 39.
Qg1 Qxg1+ 40. Kxg1 Kf8 41. Rd8+ Ke7 42. Ra8 b3 0-1

[Event "The Kvibergspelen 2023"]
[Site "Kviberg Park Hotel & Conference, Krutvagen 2, Gothenburg, Sweden"]
[Date "2023.09.16"]
[Round "5.19"]
[White "Schriever-Abeln, Marius"]
[Black "Hansen, Sune Berg"]
[Result "0-1"]
[TimeControl "15 minutes + 5 seconds per move from move one (Round 1 - 4) / 90 minutes + 30 seconds per move from move one (Round 5 - 8)"]
[BlackTitle "GM"]
[WhiteFideId "1752650"]
[BlackFideId "1400266"]
[WhiteElo "1936"]
[BlackElo "2512"]

1. d4 Nf6 2. c4 g6 3. Nc3 Bg7 4. e4 d6 5. f3 c6 6. Be3 a6 7. Bd3 b5 8. Qd2 O-O 9. Nge2 Nbd7 10.
O-O e5 11. d5 bxc4 12. Bxc4 Nb6 13. Bb3 cxd5 14. Nxd5 Nbxd5 15. exd5 Bd7 16. Rac1 a5 17. Nc3 a4 18. Bc4 Rb8 19. Ne2 e4 20. f4 Ng4 21. Bd4 Bxd4+ 22. Qxd4 Qh4 23.
h3 Nh6 24. b3 axb3 25. axb3 Nf5 26. Qf2 Qxf2+ 27. Kxf2 h5 28. Rfd1 Bb5 29. Rc2 Bxc4 30. bxc4 Rb3 31. Nc3 h4 32. Re1 e3+ 33. Kf1 Re8 34. Nd1 e2+ 35. Rcxe2 Ng3+ 36. Kf2 Nxe2 37. Rxe2 Rc8 38. Re4 Ra8 39. Ne3 Ra2+ 40. Kf3 Raa3 41. Re7 Kf8 42. Re4 f5 43. Re6 Kf7 44. Kf2 Rb2+ 45. Kf3 Raa2 46. Nd1 Rxg2 47. Rxd6 Rg3# 0-1

[Event "The Kvibergspelen 2023"]
[Site "Kviberg Park Hotel & Conference, Krutvagen 2, Gothenburg, Sweden"]
[Date "2023.09.16"]
[Round "5.20"]
[White "Frank, Anton"]
[Black "Frisk, Ellinor"]
[Result "0-1"]
[TimeControl "15 minutes + 5 seconds per move from move one (Round 1 - 4) / 90 minutes + 30 seconds per move from move one (Round 5 - 8)"]
[BlackTitle "WIM"]
[WhiteFideId "1752383"]
[BlackFideId "1708481"]
[WhiteElo "2018"]
[BlackElo "2166"]

1. e4 c5 2. Nf3 e6 3. d4 cxd4 4.
Nxd4 Nf6 5. Nc3 Nc6 6. Ndb5 Bc5 7. Nd6+ Ke7 8. Bf4 e5 9. Nf5+ Kf8 10. Bg5 d6 11. Bd3 Bxf5 12. Bxf6 Qxf6 13.
exf5 Bb4 14. Be4 g6 15. fxg6 hxg6 16. Qd3 Rd8 17. O-O-O Bxc3 18. Qxc3 Qf4+ 19. Qe3 Qxe3+ 20. fxe3 f5 21.
Bd5 Ke7 22. h3 Rd7 23. Rhf1 Kf6 24. Rf3 Ne7 25. Bb3 e4 26. Rf2 Ke5 27. Rfd2 Rhd8 28. h4 d5 29. g3 d4 30. exd4+ Rxd4 31.
Rxd4 Rxd4 32. Rxd4 Kxd4 33. Kd2 Nc6 34. Bf7 e3+ 35. Ke2 Ne5 36. Be8 Ke4 37. h5 gxh5 38. Bxh5 b6 39. b3 f4 40.
gxf4 Kxf4 41. a4 Ke4 42. Be8 Kd4 43. Bb5 Ng6 44. Kf3 Nh4+ 45. Ke2 Nf5 46. Bd3 Nd6 47. Bg6 a5 48. Bd3 Nb7 49. Bc4 Nc5 50. Kd1 Nxa4 51. Be2 Nc3+ 52. Ke1 Nxe2 53.
Kxe2 Kc3 0-1

[Event "The Kvibergspelen 2023"]
[Site "Kviberg Park Hotel & Conference, Krutvagen 2, Gothenburg, Sweden"]
[Date "2023.09.16"]
[Round "6.1"]
[White "Golubka, Petro"]
[Black "Holm, Kristian Stuvik"]
[Result "1-0"]
[TimeControl "15 minutes + 5 seconds per move from move one (Round 1 - 4) / 90 minutes + 30 seconds per move from move one (Round 5 - 8)"]
[WhiteTitle "GM"]
[BlackTitle "IM"]
[WhiteFideId "14114224"]
[BlackFideId "1508083"]
[WhiteElo "2439"]
[BlackElo "2488"]

1. e4 c5 2. Nf3 Nc6 3. d4 cxd4 4. Nxd4 g6 5. c4 Bg7 6. Be3 Qb6 7. Nb3 Qd8 8. Qd2 Nf6 9. f3 d6 10.
Nc3 Be6 11. Be2 O-O 12. O-O-O Na5 13. Nxa5 Qxa5 14. Kb1 Rfc8 15. Nd5 Qxd2 16. Rxd2 Kf8 17. g4 Nxd5 18. exd5 Bd7 19. h4 a6 20. h5 b5 21. h6 Bf6 22.
Rc1 Ke8 23. Rdc2 bxc4 24. Bxc4 e6 25. b3 Rcb8 26. g5 Be7 27. a3 exd5 28. Bxd5 Bf5 29. Kb2 Bxc2 30. Bc6+ Kd8 31. Rxc2 a5 32.
f4 Ra6 33. Bd5 Ke8 34. Rc7 a4 35. b4 Ra5 36. Bc6+ Kf8 37. Kc2 Bd8 38. bxa5 Bxc7 39. a6 Bb6 40. Bxb6 Rc8 41. Kd3 Rxc6 42.
a7 Rc8 43. Bc7 1-0

[Event "The Kvibergspelen 2023"]
[Site "Kviberg Park Hotel & Conference, Krutvagen 2, Gothenburg, Sweden"]
[Date "2023.09.16"]
[Round "6.2"]
[White "Ramsdal, Jens Albert"]
[Black "Seo, Jung Min"]
[Result "0-1"]
[TimeControl "15 minutes + 5 seconds per move from move one (Round 1 - 4) / 90 minutes + 30 seconds per move from move one (Round 5 - 8)"]
[WhiteTitle "FM"]
[BlackTitle "IM"]
[WhiteFideId "1429221"]
[BlackFideId "1734687"]
[WhiteElo "2391"]
[BlackElo "2462"]

1. d4 Nf6 2. c4 e6 3.
Nf3 d5 4. Nc3 c6 5. e3 Nbd7 6. b3 Bb4 7. Bd2 O-O 8. Bd3 b6 9. a3 Bd6 10. O-O Bb7 11. Re1 c5 12. cxd5 exd5 13.
dxc5 Nxc5 14. Bc2 Nce4 15. Nxe4 dxe4 16. Nd4 Be5 17. Bb4 Bxd4 18. exd4 Re8 19. Re3 Qd7 20. Rg3 Rac8 21. Bd2 Kh8 22.
d5 Qxd5 23. Bc3 e3 24. Bxf6 exf2+ 25. Kxf2 gxf6 26. b4 Rxc2+ 0-1

[Event "The Kvibergspelen 2023"]
[Site "Kviberg Park Hotel & Conference, Krutvagen 2, Gothenburg, Sweden"]
[Date "2023.09.16"]
[Round "6.3"]
[White "Sivuk, Vitaly"]
[Black "Kistrup, Nicolai"]
[Result "1/2-1/2"]
[TimeControl "15 minutes + 5 seconds per move from move one (Round 1 - 4) / 90 minutes + 30 seconds per move from move one (Round 5 - 8)"]
[WhiteTitle "GM"]
[BlackTitle "FM"]
[WhiteFideId "14116502"]
[BlackFideId "1444816"]
[WhiteElo "2461"]
[BlackElo "2359"]

1. d4 Nf6 2. c4 e6 3. Nf3 d5 4. g3 dxc4 5. Bg2 c5 6. O-O Nc6 7. Qa4 Bd7 8. Qxc4 b5 9. Qd3 c4 10.
Qc2 Be7 11. e4 O-O 12. Qe2 Na5 13. Rd1 b4 14. Ne5 Bb5 15. Be3 Rc8 16. a4 Ba6 17. Nd2 Bb7 18. Nexc4 Nxc4 19. Nxc4 Bxe4 20.
Bxe4 Nxe4 21. Ne5 Qd5 22. Rac1 Bf6 23. Qb5 Qxb5 24. axb5 Nd6 25. Nd7 Rfd8 26. Rxc8 Rxc8 27. Ra1 Nxb5 28.
Ra5 Nd6 29. Rxa7 Nc4 30. Rb7 Nxb2 31. Rxb4 Nc4 32. Nxf6+ gxf6 33. Bh6 Nd6 34. d5 Nf5 35. Bd2 exd5 36. Rg4+ Kh8 37. Rf4 Nd6 38.
Be3 Ne4 39. f3 Rc3 40. Bb6 Rc1+ 41. Kg2 Rc2+ 42. Kh3 Ng5+ 43. Kg4 h5+ 44. Kf5 Kg7 45. Bd4 Nh7 46. h4 Rg2 47. g4 hxg4 48.
fxg4 Kf8 49. Bxf6 Nxf6 50. Kxf6 Re2 51. Rd4 Re6+ 52. Kf5 Rd6 53. Ke5 Rh6 54. h5 Re6+ 55. Kxd5 Re1 56. Re4 Rf1 57.
Ke5 Kg7 58. Rf4 f6+ 59. Kf5 Ra1 60. Rf3 Ra5+ 61. Kf4 Ra4+ 62.
Kg3 Ra1 63. Rd3 Rg1+ 64. Kf3 Rf1+ 65. Kg2 Ra1 66. Rd7+ Kh6 67. Rf7 Kg5 68. Rg7+ Kf4 69. h6 Ra2+ 70. Kh3 Ra1 71. Rg6 Rh1+ 72.
Kg2 Rh4 73. Kf2 Rh2+ 74. Kg1 Rh3 75. Kf1 Rh2 76. Ke1 Ke3 77. Kf1 Kf4 1/2-1/2

[Event "The Kvibergspelen 2023"]
[Site "Kviberg Park Hotel & Conference, Krutvagen 2, Gothenburg, Sweden"]
[Date "2023.09.16"]
[Round "6.4"]
[White "Larkin, Vladyslav"]
[Black "Cederstam, Carl"]
[Result "1-0"]
[TimeControl "15 minutes + 5 seconds per move from move one (Round 1 - 4) / 90 minutes + 30 seconds per move from move one (Round 5 - 8)"]
[WhiteTitle "IM"]
[BlackTitle "FM"]
[WhiteFideId "14152894"]
[BlackFideId "1713329"]
[WhiteElo "2464"]
[BlackElo "2232"]

1. d4 d5 2. Bf4 c5 3. e3 Nf6 4. c3 e6 5. Nd2 Bd6 6. Bg3 Qc7 7. Bd3 Nbd7 8. Bxd6 Qxd6 9. f4 h6 10.
Ngf3 g5 11. O-O gxf4 12. exf4 Qxf4 13. Qe2 Ng4 14. Rae1 cxd4 15. cxd4 h5 16. Nb3 Ndf6 17. g3 Qc7 18. Rc1 Qd6 19.
Nh4 Bd7 20. Nc5 Ne4 21. Bxe4 dxe4 22. Qxe4 Bc6 23. Nf5 Qxc5 24. dxc5 Bxe4 25. Nd6+ Kf8 26. Nxe4 f5 27. Ng5 Rh6 28.
Rce1 Re8 29. h3 Rg6 30. Nxe6+ Rgxe6 31. Rxe6 Rxe6 32. hxg4 hxg4 33. Rxf5+ Ke8 34. Kf2 Kd7 35. b4 Kc6 36.
a4 a6 37. a5 Kb5 38. Rf4 Rg6 39. Ke2 Ka4 40. Kd3 Kb3 41. Rd4 Rg7 42. Re4 Rg6 43. Ke3 Kc3 44. Kf4 Rg7 45. Kf5 Rf7+ 46.
Kxg4 Rg7+ 47. Kf3 Kd3 48. Re6 Rf7 49. Kg4 Kc4 50. Rb6 Kd5 51. Kg5 Rg7 52. Rg6 Re7 53. g4 Ke5 54. Kh6 Re8 55.
Rb6 Re7 56. g5 Kf5 57. g6 Re4 58. Kg7 Re7+ 59. Kf8 Rc7 60. Kg8 Kg5 61. g7 Kh5 62. Kh8 1-0

[Event "The Kvibergspelen 2023"]
[Site "Kviberg Park Hotel & Conference, Krutvagen 2, Gothenburg, Sweden"]
[Date "2023.09.16"]
[Round "6.5"]
[White "Akesson, Ralf"]
[Black "Pedersen, Daniel Vesterbaek"]
[Result "1/2-1/2"]
[TimeControl "15 minutes + 5 seconds per move from move one (Round 1 - 4) / 90 minutes + 30 seconds per move from move one (Round 5 - 8)"]
[WhiteTitle "GM"]
[BlackTitle "FM"]
[WhiteFideId "1700120"]
[BlackFideId "1402161"]
[WhiteElo "2410"]
[BlackElo "2163"]

1. Nf3 c5 2. c4 Nf6 3. Nc3 Nc6 4. d4 cxd4 5. Nxd4 e6 6. a3 Bc5 7. Nb3 Bb6 8. e4 d6 9. Bg5 h6 10.
Bh4 O-O 11. Be2 a6 12. O-O g5 13. Bg3 e5 14. Rc1 Nd4 15. Nxd4 Bxd4 16. Qd3 Be6 17. Rc2 Rc8 18. Nd5 Nxd5 19.
exd5 Bd7 20. b4 f5 21. Kh1 Qf6 22. f3 f4 23. Be1 Bf5 24. Qb3 Bxc2 25. Qxc2 b5 26. Qb3 Rb8 27. a4 bxc4 28.
Bxc4 a5 29. b5 Bb6 30. Bd3 h5 31. Qd1 Rf7 32. Bf2 Bxf2 33. Rxf2 Rc7 34. Rf1 Rc5 35. Qd2 Qd8 36. Qe1 Rb7 37.
Bg6 Rc4 38. Qd1 Rd4 39. Qc2 Rc7 40. Qf5 Rxa4 41. Bxh5 Rb4 42. Qe6+ Kg7 43. Qg6+ Kh8 44. Bg4 Rg7 45. Qh6+ Rh7 46.
Qe6 Kg7 47. Rc1 Rxb5 48. h3 Rb8 49. Rc6 Rh6 50. Qf5 a4 51. Qc2 a3 52. Ra6 Ra8 53. Qa4 Rxa6 54. Qxa6 Qc7 55. Qxa3 Rf6 56.
Kh2 Rf8 57. Qd3 Qc5 58. Bh5 Rf6 59. Qb3 Qa7 60. Qb5 Rf8 61. Qb1 Rf6 62. Qb5 Rf8 63. Qb1 Rf6 1/2-1/2

[Event "The Kvibergspelen 2023"]
[Site "Kviberg Park Hotel & Conference, Krutvagen 2, Gothenburg, Sweden"]
[Date "2023.09.16"]
[Round "6.6"]
[White "Hansen, Lars"]
[Black "Olsson, William"]
[Result "0-1"]
[TimeControl "15 minutes + 5 seconds per move from move one (Round 1 - 4) / 90 minutes + 30 seconds per move from move one (Round 5 - 8)"]
[BlackTitle "FM"]
[WhiteFideId "1402528"]
[BlackFideId "1741721"]
[WhiteElo "2188"]
[BlackElo "2376"]

1. e4 c5 2. Nc3 Nc6 3. f4 g6 4. Nf3 Bg7 5. Bb5 Nd4 6. O-O a6 7. Bd3 b5 8. Nxd4 cxd4 9. Ne2 Bb7 10.
Qe1 Nh6 11. b3 Qb6 12. Bb2 d6 13. h3 e5 14. Qf2 O-O 15. f5 gxf5 16. exf5 Bf6 17. Bxd4 exd4 18. Qf4 Kg7 19. Ng3 Ng8 20.
Nh5+ Kh8 21. Nxf6 Nxf6 22. Qh6 Ng8 23. Qh5 f6 24. Rae1 Qc6 25. Be4 d5 26. Bd3 Rae8 27. Re6 Qd7 28.
Rfe1 Re7 29. Qh4 Rfe8 30. Kf2 Bc8 31. Qxd4 Rxe6 32. fxe6 Qg7 33. Qb6 Ne7 34. Re3 Rg8 35. g4 f5 36.
Rf3 fxg4 37. Rf7 Rf8 38. Ke1 Rxf7 39. exf7 Qxf7 40. Qd4+ Qg7 0-1